 Dungeon Crawl Stone Soup version 0.31.0-32-g396128a36d (webtiles) character file.

Game seed: 13583916115978261592

77 DildoBatman the Conjurer (level 4, -1/32 HPs)
             Began as a Formicid Conjurer on Mar 8, 2024.
             Slain by an orc priest
             ... wielding a +0 dagger
              (3 damage)
             ... on level 3 of the Dungeon.
             The game lasted 00:04:02 (1526 turns).

DildoBatman the Conjurer (Formicid Conjurer)        Turns: 1526, Time: 00:04:03

Health: -1/32      AC:  2    Str: 17    XL:     4   Next: 58%
Magic:  9/17       EV: 12    Int: 20    God:
Gold:   105        SH:  0    Dex: 12    Spells: 5/8 levels left

rFire   . . .        s - +0 sling
rCold   . . .        (no shield)
rNeg    . . .        a - +0 robe
rPois   .            (helmet unavailable)
rElec   .            (no cloak)
rCorr   .            (no gloves)
SInv    +            (no boots)
Will    .....        (no amulet)
Stlth   +            o - ring of magical power
HPRegen 0.25/turn    u - +6 ring of strength
MPRegen 0.15/turn

%: no passive effects
@: confused
A: permanent stasis, dig shafts and tunnels, antennae 3, four strong arms
a: Dig, Shaft Self


You were on level 3 of the Dungeon.
You visited 1 branch of the dungeon, and saw 3 of its levels.

You collected 105 gold pieces.

Inventory:

Hand Weapons
 c - a +0 short sword
 e - a +0 mace
 l - a +0 long sword
 s - a +0 sling (weapon)
Missiles
 d - 9 stones
 q - 3 poisoned darts
 w - 3 boomerangs
Armour
 a - a +0 robe (worn)
Jewellery
 o - a ring of magical power (left hand)
 u - a +6 ring of strength (right hand)
Scrolls
 f - a scroll of poison {unknown}
 g - a scroll of vulnerability {unknown}
 h - a scroll of immolation {unknown}
 k - 3 scrolls of amnesia {unknown}
 p - a scroll of silence {unknown}
 r - a scroll of noise {unknown}
 v - a scroll of enchant weapon {unknown}
Potions
 b - a potion of magic
 i - a potion of attraction {unknown}
 j - a potion of brilliance {unknown}
 m - a potion of haste {unknown}
 n - a potion of curing {unknown}
 t - 2 potions of heal wounds {unknown}


   Skills:
 + Level 1.6 Fighting
 + Level 1.2 Armour
 + Level 2.3 Dodging
 + Level 3.1 Stealth
 + Level 2.6 Spellcasting
 + Level 3.9 Conjurations


You had 5 spell levels left.
You knew the following spells:

 Your Spells              Type           Power      Damage    Failure   Level
a - Searing Ray           Conj           36%        2d5       4%          2
c - Magic Dart            Conj           72%        1d6       3%          1

Your spell library contained the following spells:

 Spells                   Type           Power      Damage    Failure   Level
 Fulminant Prism          Conj/Alch      5%         3d7       54%         4
 Iskenderun's Mystic Bla  Conj/Tloc      10%        2d4       54%         4


Dungeon Overview and Level Annotations

Branches:
Dungeon (3/15)

Altars:

Annotations:
D:2 Robin
D:3 exclusion: 2 orcs


Innate Abilities, Weirdness & Mutations

You cannot be hasted, slowed, berserked, paralysed or teleported.
You can dig through walls and to a lower floor.
You have a pair of large antennae on your head. (SInv)
Your four strong arms can wield two-handed weapons with a shield.


Message History

Press: ? - help, Shift-Dir - straight line, f/p - orc
Aim: an orc, wielding a +0 flail and wearing a +0 scale mail (severely wounded, 100% to hit)
The magic dart hits the orc but does no damage.
The orc is severely wounded.
The orc wizard shouts!
The orc priest shouts!
Casting: Magic Dart (safe; 3% risk of failure)
Confirm with . or Enter, or press ? or * to list all spells.
Aiming: Magic Dart (safe; 3% risk of failure)
Press: ? - help, Shift-Dir - straight line, f/p - orc
Aim: an orc, wielding a +0 flail and wearing a +0 scale mail (severely wounded, 100% to hit)
The magic dart hits the orc.
The orc is almost dead.
A goblin comes into view. It is wielding a +0 club.
The orc barely misses you.
Casting: Magic Dart (safe; 3% risk of failure)
Confirm with . or Enter, or press ? or * to list all spells.
Aiming: Magic Dart (safe; 3% risk of failure)
Press: ? - help, Shift-Dir - straight line, f/p - orc
Aim: an orc, wielding a +0 flail and wearing a +0 scale mail (almost dead, 100% to hit)
The magic dart hits the orc but does no damage.
The orc is almost dead.
The goblin shouts!
The orc wizard gestures at you while chanting.
You are confused.
The orc hits you with a +0 flail!
You're too confused to cast spells.
Unknown command.
The orc wizard gestures at you while chanting.
The puff of flame misses you. The orc hits you with a +0 flail.
The orc hits you with a +0 flail!
You bump into the rock wall.
The orc shouts!
The teleport trap disappears.
The orc disappears!
An orc comes into view. It is wielding a +0 dagger.
The orc priest attacks as it pursues you!
The orc priest hits you with a +0 dagger.
You die...

... #.....### {
#.......##
#.....#..###
##.#####...# .
...........# ,...
###P.####...####oo..
#. { #...#...o... #
#.....# ,
###..####o@..##
.......o.o..##
.⌠.....g....#
...#######..# + #..#
{ { { #.>.. { #.##.#
..# ..# .# ##


You could see an orc priest, an orc wizard, 4 orcs and a goblin.

Vanquished Creatures
  3 adders (D:2)
  A dart slug (D:2)
  A giant cockroach (D:2)
  10 goblins
  2 hobgoblins (D:1)
  8 jackals
  4 kobolds
  2 quokkas
  3 ball pythons
  8 bats
  2 frilled lizards (D:2)
  2 rats (D:1)
46 creatures vanquished.

Notes
Turn   | Place    | Note
-------+----------+-------------------------------------------
     0 | D:1      | DildoBatman the Formicid Conjurer began the quest for the
                  | Orb.
     0 | D:1      | Reached XP level 1. HP: 13/13 MP: 3/3
   144 | D:1      | Reached XP level 2. HP: 20/20 MP: 3/5
   147 | D:1      | Learned a level 2 spell: Searing Ray
   375 | D:1      | Reached XP level 3. HP: 25/25 MP: 4/6
   394 | D:1      | Reached skill level 1 in Fighting
   663 | D:2      | Found a faded altar of an unknown god.
   796 | D:2      | Reached skill level 1 in Armour
   796 | D:2      | Reached XP level 4. HP: 32/32 MP: 2/7
  1024 | D:2      | Noticed Robin
  1523 | D:3      | HP: 1/32 [orc/+0 flail (10)]
  1526 | D:3      | Slain by an orc priest

Illustrated notes

Levels and vault maps discovered:
D:1:      lemuel_arrival_broad_hall, layout_rooms
D:2:      layout_loops_corners, ebering_ecumenical_altar_abandoned,
          serial_shops, nicolae_shop_real_fake_doors, uniq_robin
D:3:      corexii_shack_village, layout_basic

Skill      XL: |  1  2  3 |
---------------+----------+-----
Dodging        | 2 |  2.3
Fighting       | 1 |  1.6
Armour         | 1 |  1.2
Stealth        | 3 |  3.1
Spellcasting   | |  2.6
Conjurations   | |  3.9

Action                     |  1- 3 |  4- 6 || total
---------------------------+-------+-------++-------
  Melee: Short sword       |    23 |       ||    23
         Long sword        |     3 |    18 ||    21
   Fire: Sling             |       |     9 ||     9
   Cast: Magic Dart        |    34 |    27 ||    61
         Searing Ray       |     2 |     2 ||     4
 Armour: Robe              |    20 |    23 ||    43
  Dodge: Dodged            |    24 |    35 ||    59
